 Dungeon Crawl Stone Soup version 0.20.1-1-g8b1a95d (webtiles) character file.

13624 birkhead the Frost Mage (level 11, -12/82 HPs)
             Began as a Grey Draconian Ice Elementalist on Dec 11, 2017.
             Was an Elder of Vehumet.
             Mangled by an orc knight
             ... wielding a +1 great mace of draining
              (15 damage)
             ... on level 2 of the Orcish Mines on Dec 13, 2017.
             The game lasted 04:12:13 (18710 turns).

birkhead the Frost Mage (DrIE)                     Turns: 18710, Time: 04:12:14

Health: -12/82     AC: 17    Str: 12    XL:     11   Next: 78%
Magic:  21/21      EV: 15    Int: 18    God:    Vehumet [****..]
Gold:   1598       SH:  0    Dex: 16    Spells: 5/24 levels left

rFire    . . .     SeeInvis .   H - +2 scimitar (flame)
rCold    . . .     Gourm    .   (no shield)
rNeg     . . .     Faith    .   (armour unavailable)
rPois    .         Spirit   .   (helmet restricted)
rElec    .         Reflect  .   l - scarf {cloud immunity}
rCorr    .         Harm     .   F - +0 pair of gloves
MR       .....                  J - +2 pair of boots {Stlth+}
Stlth    ++++......             c - amulet of magic regeneration
Regen    0.3/turn               k - +1 ring of protection
MPRegen  0.3/turn               y - +5 ring of dexterity

@: heavily drained
A: walk through water, unfitting armour, unbreathing, cold-blooded, AC +12
a: Renounce Religion


You were on level 2 of the Orcish Mines.
You worshipped Vehumet.
Vehumet was greatly pleased with you.
You were very hungry.

You visited 4 branches of the dungeon, and saw 14 of its levels.
You also visited: Sewer.

You collected 1598 gold pieces.

Inventory:

Hand Weapons
 s - a +1 blowgun
 u - the +7 rapier "Juatull" {drain, rF- MR++ Dex-5 Stlth+}
   (You found it on level 5 of the Dungeon)

   A truly terrible weapon, it drains the life of those it strikes.
   It affects your dexterity (-5).
   It makes you vulnerable to fire.
   It affects your resistance to hostile enchantments.
   It makes you more stealthy.
 H - a +2 scimitar of flaming (weapon)
 M - a +1 falchion of freezing
Missiles
 t - 26 poisoned needles
 I - 27 tomahawks (quivered)
 R - 4 poisoned tomahawks
Armour
 l - a scarf of cloud immunity (worn)
 F - a +0 pair of gloves (worn)
 J - a +2 pair of boots of stealth (worn)
Magical Staves
 A - an uncursed staff of energy
 L - an uncursed staff of wizardry
 N - an uncursed staff of poison
 T - an uncursed staff of cold
Jewellery
 c - an amulet of magic regeneration (around neck)
 k - a +1 ring of protection (left hand)
 y - a +5 ring of dexterity (right hand)
Wands
 C - a wand of acid (0/15)
 G - a wand of acid (0/15)
 Q - a wand of paralysis (16/24)
Scrolls
 e - 8 scrolls of teleportation
 j - 2 scrolls of fear
 r - 7 scrolls of remove curse
 w - a scroll of identify
 B - a scroll of noise {unknown}
 E - 2 scrolls of fog
Potions
 d - 2 potions of brilliance
 i - 3 potions of flight
 m - a potion of agility {unknown}
 o - 2 potions of invisibility {unknown}
 p - 3 potions of haste
 q - 2 potions of might {unknown}
 x - 3 potions of magic
 z - 2 potions of lignification {unknown}
 D - a potion of cancellation {unknown}
Books
 a - a book of Frost

   Spells                             Type                      Level
   a - Freeze                         Ice                          1
   b - Throw Frost                    Conjuration/Ice              2
   c - Ozocubu's Armour               Charms/Ice                   3
   d - Throw Icicle                   Conjuration/Ice              4
   e - Summon Ice Beast               Ice/Summoning                4
 g - a book of Cantrips

   Spells                             Type                      Level
   a - Confusing Touch                Hexes                        1
   b - Animate Skeleton               Necromancy                   1
   c - Summon Small Mammal            Summoning                    1
   d - Apportation                    Translocation                1
Miscellaneous
 O - a phial of floods (inert)
Comestibles
 b - 7 bread rations
 f - 8 fruits
 h - 5 meat rations


   Skills:
 - Level 3.0(0.9) Fighting
 - Level 1.4(0.0) Long Blades
 + Level 3.1(1.0) Staves
 - Level 1.2(0.0) Throwing
 + Level 6.8(4.5) Dodging
 - Level 6.4(4.1) Stealth
 + Level 7.0(4.7) Spellcasting
 + Level 6.9(4.5) Conjurations
 + Level 5.9(3.6) Charms
 + Level 6.4(4.1) Summonings
 + Level 2.8(0.7) Fire Magic
 + Level 8.0(5.5) Ice Magic


You had 5 spell levels left.
You knew the following spells:

 Your Spells              Type           Power        Failure   Level  Hunger
a - Freeze                Ice            ###.         1%          1    None
b - Throw Frost           Conj/Ice       ###...       1%          2    #......
c - Ozocubu's Armour      Chrm/Ice       ###.....     6%          3    ###....
d - Summon Ice Beast      Ice/Summ       ###.....     19%         4    ####...
e - Throw Icicle          Conj/Ice       ###.....     4%          4    ####...
f - Flame Tongue          Conj/Fire      ##...        1%          1    None
g - Airstrike             Air            #.........   32%         4    ####...


Dungeon Overview and Level Annotations

Branches:
Dungeon (10/15)            Temple (1/1) D:7             Orc (2/2) D:9
    Elf (1/3) Orc:2
   Lair: D:8-11

Altars:
Ashenzari
Cheibriados
Dithmenos
Elyvilon
Fedhas
Gozag
Hepliaklqana
Kikubaaqudgha
Makhleb
Nemelex Xobeh
Okawaru
Qazlal
Ru
Sif Muna
Trog
Uskayaw
Vehumet
Xom
Yredelemnul
Zin
The Shining One

Shops:
D:7 *   D:8 *

Annotations:
D:10 Anon1729's ghost, journeyman BaIE
Orc:2 Sayu92's ghost, journeyman GrFi


Innate Abilities, Weirdness & Mutations

You can walk through water.
Your dull iron-grey scales are very hard. (AC +12)
You cannot fit into any form of body armour.
You can survive without breathing.
You are cold-blooded and may be slowed by cold attacks.


Message History

The deep elf archer closely misses you.
The deep elf knight shoots an arrow.
The arrow barely misses you.
Okay, then.
You feel better.
The deep elf knight shoots an arrow.
The arrow hits you!
The deep elf archer hits you but does no damage.
The deep elf mage casts a spell.
The deep elf mage blinks!
The deep elf knight shoots an arrow.
The arrow hits you!
The deep elf archer hits you with an uncursed dagger.
The deep elf mage gestures wildly while chanting.
The deep elf mage blinks!
The deep elf knight shoots an arrow.
The arrow hits you!
You climb upwards.
Welcome back to the Orcish Mines!
Level annotation: Sayu92's ghost, journeyman GrFi Sayu92's ghost misses you.
You riposte.
You miss Sayu92's ghost.
Your tail-slap misses Sayu92's ghost.
The orc knight hits you with a great mace of draining!!
* * * LOW HITPOINT WARNING * * *
You feel drained.
You die...

### ## ##.# .# #.### ###.#
####.#.## ##..###### .....#..#
##........## ........####
###....<.....# [..........#
#.#..........###
...........###.We.........#.##
[...........#...@............#
....#.......#....o...........##
....###.............#.........###
)[.###........[..[.####.........#
[.## ###.........### ###.......#
...#####.........[.#####........#
....#....[.........##.#..[.....##
.[.[.)..............#.......####
.............[...[..#....##.#


You could see an orc knight, a deep elf archer and Sayu92's ghost.

Vanquished Creatures
  Fannar (Orc:1)
  2 orc knights
  A deep elf mage (D:5)
  Psyche (D:8)
  A komodo dragon (D:9)
  Prince Ribbit (D:7)
  A hippogriff (D:7)
  4 yaks (D:9)
  Grum (D:8)
  12 orc warriors
  A sky beast (D:4)
  4 ice beasts
  6 ogres
  A phantom (D:7)
  3 wolves
  4 centaurs
  6 bullfrogs
  A water moccasin zombie (D:9)
  A water moccasin skeleton (D:10)
  3 scorpions
  11 killer bees
  5 wights
  3 howler monkeys
  5 crimson imps
  A centaur zombie (D:9)
  2 hounds
  2 jellies
  A quasit (D:6)
  2 bullfrog skeletons
  7 orc priests
  3 iguanas
  Natasha (twice) (D:2)
  Terence (D:3)
  5 orc wizards
  5 worker ants
  A hound skeleton (D:8)
  2 howler monkey skeletons
  15 adders
  A shadow imp (D:5)
  11 oozes (Sewer)
  An adder zombie (D:5)
  4 worms
  16 leopard geckos
  22 orcs
  11 giant cockroaches
  6 goblins
  8 hobgoblins
  14 jackals
  11 kobolds
  9 quokkas
  17 ball pythons (Sewer)
  4 bats
  10 frilled lizards
  2 leopard gecko skeletons (D:5)
  4 rats
279 creatures vanquished.

Vanquished Creatures (collateral kills)
  2 hydras (D:9)
  Erica (D:8)
  A two-headed ogre (Orc:2)
  The ghost of Terandir the Cleaver, a novice MiFi of Cheibriados (D:9)
  An orc high priest (Orc:2)
  An orc knight (Orc:2)
  An orc sorcerer (Orc:1)
  A kobold demonologist (D:9)
  4 trolls
  A yak (D:9)
  A warg (Orc:1)
  2 ice beasts
  11 orc warriors
  5 ogres
  A bullfrog (D:9)
  A big kobold (D:9)
  4 killer bees
  A centaur zombie (D:9)
  3 crimson imps
  15 orc priests
  A hound (D:10)
  7 orc wizards
  An iguana (D:9)
  A hound zombie (D:9)
  2 shadow imps (D:9)
  31 orcs
101 creatures vanquished.

Grand Total: 380 creatures vanquished

Notes
Turn   | Place    | Note
-------+----------+-------------------------------------------
     0 | D:1      | birkhead the Draconian Ice Elementalist began the quest for the Orb.
     0 | D:1      | Reached XP level 1. HP: 14/14 MP: 3/3
     8 | D:1      | Noticed a minotaur skeleton
    15 | D:1      | Noticed a minotaur skeleton
   121 | D:1      | Reached XP level 2. HP: 15/20 MP: 1/5
   129 | D:1      | Learned a level 2 spell: Throw Frost
   584 | D:1      | Reached skill level 1 in Fighting
   641 | D:2      | Noticed Natasha
   655 | D:2      | Killed Natasha
   655 | D:2      | Reached XP level 3. HP: 21/28 MP: 0/6
   664 | D:2      | Reached skill level 1 in Throwing
   671 | D:2      | Found a white marble altar of Elyvilon.
   775 | D:2      | Noticed Natasha
   902 | D:3      | Learned a level 3 spell: Ozocubu's Armour
  1250 | D:2      | Reached XP level 4. HP: 25/35 MP: 0/8
  1294 | D:2      | Noticed a dagger
  1294 | D:2      | Noticed a hand axe
  1297 | D:2      | Found a hide-covered altar of Uskayaw.
  1819 | D:2      | Killed Natasha
  2128 | D:3      | Found a sacrificial altar of Ru.
  2351 | D:3      | Reached XP level 5. HP: 40/40 MP: 9/9
  2434 | D:3      | Noticed Terence
  2441 | D:3      | Killed Terence
  2962 | D:4      | Noticed an ogre
  2979 | D:3      | Killed an ogre
  2979 | D:3      | Reached skill level 1 in Charms
  2979 | D:3      | Reached XP level 6. HP: 30/47 MP: 0/11
  3136 | D:4      | Reached skill level 4 in Ice Magic
  3617 | D:4      | Noticed a sky beast
  3633 | D:4      | Killed a sky beast
  3633 | D:4      | Your scales start taking on a dull iron-grey colour.
  3633 | D:4      | Reached XP level 7. HP: 15/52 MP: 2/12
  3633 | D:4      | Gained mutation: You can survive without breathing. [Grey Draconian growth]
  3639 | D:4      | Learned a level 4 spell: Summon Ice Beast
  3900 | D:4      | Found a glowing silver altar of Zin.
  3996 | D:5      | Entered Level 5 of the Dungeon
  4353 | D:5      | Found a transporter.
  4364 | D:5      | Found a transporter.
  4364 | D:5      | Found a blossoming altar of Fedhas.
  4365 | D:5      | Noticed a deep elf mage
  4418 | D:5      | Reached skill level 1 in Summonings
  4522 | D:5      | Found a glowing drain.
  4536 | Sewer    | Entered a sewer
  5639 | D:5      | Found a shadowy altar of Dithmenos.
  5699 | D:5      | Reached XP level 8. HP: 59/59 MP: 8/14
  6533 | D:5      | Reached skill level 5 in Ice Magic
  6540 | D:5      | Killed a deep elf mage
  6561 | D:5      | Got a blackened rapier
  6573 | D:5      | Identified the +7 rapier "Juatull" {drain, rF- MR++ Dex-5 Stlth+} (You found it on level 5 of the Dungeon)
  6930 | D:6      | Found a deep blue altar of Sif Muna.
  7245 | D:7      | Found Unwo's Assorted Antiques.
  7611 | D:7      | Noticed Prince Ribbit
  7622 | D:7      | Killed Prince Ribbit
  7622 | D:7      | Reached XP level 9. HP: 57/64 MP: 8/16
  7787 | D:7      | Found a blossoming altar of Fedhas.
  7804 | D:7      | Found a snail-covered altar of Cheibriados.
  8190 | D:7      | Found a staircase to the Ecumenical Temple.
  8201 | Temple   | Entered the Ecumenical Temple
  8300 | Temple   | Became a worshipper of Vehumet
  8392 | D:7      | Reached skill level 5 in Spellcasting
  8409 | D:8      | Found an opulent altar of Gozag.
  8409 | D:8      | Found Gozag's Platinum Reserve.
  8409 | D:8      | Noticed Psyche
  8418 | D:7      | Reached skill level 5 in Dodging
  8418 | D:7      | Reached skill level 5 in Stealth
  8523 | D:8      | Killed Psyche
  8523 | D:8      | Reached skill level 6 in Ice Magic
  8701 | D:8      | Noticed Erica
  8801 | D:8      | Killed Erica
  8801 | D:8      | Reached skill level 5 in Conjurations
  9288 | D:8      | Noticed Grum
  9325 | D:9      | Reached XP level 10. HP: 13/72 MP: 13/18
  9333 | D:9      | Found a staircase to the Orcish Mines.
  9671 | D:9      | Noticed Terandir's ghost (novice MiFi)
  9681 | D:8      | Killed Grum
  9962 | D:8      | Reached * piety under Vehumet
  9962 | D:8      | Offered knowledge of Magic Dart by Vehumet.
  9978 | D:8      | Learned a level 4 spell: Throw Icicle
 10073 | D:9      | Killed Terandir's ghost
 10623 | D:9      | Found an iron altar of Okawaru.
 10721 | D:9      | Noticed a four-headed hydra
 10741 | D:9      | Killed a four-headed hydra
 10741 | D:9      | Reached skill level 5 in Summonings
 10829 | D:9      | Found a blossoming altar of Fedhas.
 10980 | D:9      | Reached skill level 7 in Ice Magic
 10999 | D:9      | Reached skill level 5 in Charms
 11061 | D:8      | Reached skill level 1 in Long Blades
 11828 | D:9      | Found a sparkling altar of Nemelex Xobeh.
 11850 | D:9      | Noticed a seven-headed hydra
 12075 | D:9      | Killed a seven-headed hydra
 12075 | D:9      | Reached ** piety under Vehumet
 12151 | D:9      | Offered knowledge of Flame Tongue by Vehumet.
 12350 | D:9      | Reached XP level 11. HP: 82/82 MP: 3/20
 12457 | D:10     | Entered Level 10 of the Dungeon
 12513 | D:10     | Noticed Anon1729's ghost (journeyman BaIE)
 12535 | D:10     | HP: 1/82 [Anon1729's ghost/shard of ice (39)]
 12564 | D:9      | Learned a level 1 spell: Flame Tongue
 13041 | Orc:1    | Entered Level 1 of the Orcish Mines
 13047 | Orc:1    | Noticed an orc sorcerer
 13054 | Orc:1    | Killed an orc sorcerer
 13272 | Orc:2    | Entered Level 2 of the Orcish Mines
 13291 | Orc:2    | Noticed Sayu92's ghost (journeyman GrFi)
 13608 | Orc:2    | HP: 3/82 [Sayu92's ghost (22)]
 14183 | Orc:1    | Noticed an orc knight
 14259 | Orc:1    | Offered knowledge of Mephitic Cloud by Vehumet.
 14271 | Orc:1    | Reached skill level 1 in Staves
 14438 | Orc:1    | Killed an orc knight
 14438 | Orc:1    | Reached skill level 1 in Fire Magic
 14606 | Orc:1    | Noticed Fannar
 14640 | Orc:1    | Killed Fannar
 14708 | Orc:2    | Found a staircase to the Elven Halls.
 15090 | Orc:2    | Noticed an orc knight
 15131 | Orc:2    | Noticed a two-headed ogre
 15342 | Orc:1    | Reached *** piety under Vehumet
 15642 | Orc:2    | Killed a two-headed ogre
 15657 | Orc:2    | Killed an orc knight
 15777 | Orc:2    | Noticed an orc high priest
 15786 | Orc:2    | Killed an orc high priest
 15874 | Orc:2    | Offered knowledge of Ignite Poison by Vehumet.
 16375 | Orc:2    | Noticed an orc knight
 16390 | Orc:2    | Killed an orc knight
 16927 | Orc:1    | Reached **** piety under Vehumet
 17021 | Orc:2    | Offered knowledge of Airstrike by Vehumet.
 17443 | D:10     | Reached skill level 8 in Ice Magic
 18003 | D:10     | HP: 2/82 [something (5)]
 18008 | D:10     | HP: 4/82 [something (7)]
 18370 | D:8      | Learned a level 4 spell: Airstrike
 18497 | Orc:2    | Noticed an orc knight
 18535 | Elf:1    | Entered Level 1 of the Elven Halls
 18694 | Elf:1    | Noticed a deep elf archer
 18694 | Elf:1    | Noticed a deep elf mage
 18698 | Elf:1    | Noticed a deep elf mage
 18700 | Elf:1    | Noticed a deep elf mage
 18700 | Elf:1    | Noticed a deep elf knight
 18702 | Elf:1    | Noticed a deep elf mage
 18710 | Orc:2    | HP: 3/82 [orc knight/great mace of draining (30)]
 18710 | Orc:2    | Mangled by an orc knight

Skill      XL: |  1  2  3  4  5  6  7  8  9 10 11 |
---------------+----------------------------------+-----
Stealth        | 2 3 4 5 6 |  6.4
Dodging        | 2 3 4 5 6 |  6.8
Fighting       | 1 3 |  3.0
Throwing       | 1 |  1.2
Spellcasting   | 3 4 5 6 7 |  7.0
Conjurations   | 2 3 4 5 6 |  6.9
Charms         | 1 2 3 4 5 |  5.9
Ice Magic      | 4 5 6 7 8 |  8.0
Summonings     | 1 3 4 5 6 |  6.4
Long Blades    | 1 |  1.4
Staves         | 3 |  3.1
Fire Magic     | 2 |  2.8

Action                   |  1- 3 |  4- 6 |  7- 9 | 10-12 || total
-------------------------+-------+-------+-------+-------++-------
Melee: Unarmed           |   149 |   199 |   182 |       ||   530
       Tailslap          |     6 |    23 |    24 |    50 ||   103
       Rapier            |       |       |    81 |       ||    81
       Scimitar          |       |       |    12 |   250 ||   262
       Staff             |       |       |       |   172 ||   172
 Fire: Blowgun           |       |       |       |    12 ||    12
Throw: Tomahawk          |       |       |       |     6 ||     6
 Cast: Freeze            |    21 |    77 |   204 |   142 ||   444
       Throw Frost       |     7 |    10 |    41 |    25 ||    83
       Ozocubu's Armour  |       |     1 |     7 |     3 ||    11
       Summon Ice Beast  |       |       |    18 |   162 ||   180
       Throw Icicle      |       |       |       |     4 ||     4
Evoke: Wand              |       |       |       |     6 ||     6
       Phial of floods   |       |       |       |     1 ||     1
       Phantom mirror    |       |       |       |     1 ||     1
  Use: Scroll            |     1 |     5 |     7 |     5 ||    18
       Potion            |     1 |       |     4 |     7 ||    12
 Stab: Sleeping          |     1 |     2 |    10 |     3 ||    16
       Distracted        |       |       |     2 |     3 ||     5
  Eat: Chunk             |     1 |    10 |    17 |    39 ||    67
       Royal jelly       |       |       |     3 |     1 ||     4
       Fruit             |       |       |       |     5 ||     5
       Meat ration       |       |       |       |     1 ||     1
Armor: Skin              |    41 |    94 |   172 |   312 ||   619
Dodge: Dodged            |   107 |   157 |   316 |   518 ||  1098
Block: Shield            |       |       |       |     3 ||     3
       Rpst.: Scimitar   |       |       |     5 |   106 ||   111
